 Seeded DCSS version 0.31.0-32-g396128a36d (webtiles) character file.

Game seed: 4073344203867303942 (custom seed)

541 firemarshallily the Conjurer (level 7, -2/46 HPs)
             Began as an Octopode Conjurer on Mar 11, 2024.
             Slain by a gnoll sergeant
             ... wielding a +0 trident
              (8 damage)
             ... on level 4 of the Dungeon.
             The game lasted 00:10:08 (4854 turns).

firemarshallily the Conjurer (Octopode Conjurer)    Turns: 4854, Time: 00:10:09

Health: -2/46      AC:  1    Str:  7    XL:     7   Next: 26%
Magic:  14/23      EV: 13    Int: 26    God:
Gold:   170        SH:  0    Dex: 12    Spells: 13/16 levels left

rFire   . . .        k - +2 flail (protect)
rCold   . . .        (no shield)
rNeg    . . .        (helmet restricted)
rPois   .            (no amulet)
rElec   .            n - ring of magical power
rCorr   .            o - +6 ring of intelligence
SInv    .            (no ring)
Will    .....        (no ring)
Stlth   +++          (no ring)
HPRegen 0.27/turn    (no ring)
MPRegen 0.18/turn    (no ring)
                     (no ring)

%: no passive effects
@: studying Unarmed Combat
A: almost no armour, amphibious, 8 rings, camouflage 1, gelatinous body 1,
(nimble swimmer 1), tentacles
a: no special abilities


You were on level 4 of the Dungeon.
You visited 1 branch of the dungeon, and saw 4 of its levels.

You collected 170 gold pieces.

Inventory:

Hand Weapons
 d - a +2 short sword of flaming
 k - a +2 flail of protection (weapon)
 p - a +2 falchion of holy wrath
Missiles
 g - 4 poisoned darts
Armour
 q - a +0 buckler
Jewellery
 n - a ring of magical power (left tentacle)
 o - a +6 ring of intelligence (right tentacle)
Scrolls
 c - a scroll of brand weapon {unknown}
 e - a scroll of noise {unknown}
 f - 2 scrolls of butterflies
 h - a scroll of poison {unknown}
 j - a scroll of revelation {unknown}
 m - 3 scrolls of immolation
 s - a scroll of amnesia {unknown}
 t - a scroll of fog {unknown}
Potions
 a - 2 potions of magic
 i - 2 potions of attraction
 l - a potion of cancellation
 r - a potion of enlightenment


   Skills:
 + Level 3.4 Fighting
 - Level 2.0 Dodging
 - Level 2.6 Stealth
 * Level 5.1 Spellcasting
 + Level 5.4 Conjurations


You had 13 spell levels left.
You knew the following spells:

 Your Spells              Type           Power      Damage    Failure   Level
a - Magic Dart            Conj           100%       1d8       1%          1
b - Searing Ray           Conj           70%        2d7       1%          2

Your spell library contained the following spells:

 Spells                   Type           Power      Damage    Failure   Level
 Freeze                   Ice            24%        1d4       8%          1
 Hailstorm                Conj/Ice       20%        3d7       8%          3
 Frozen Ramparts          Ice            12%        1d2       22%         3
 Fulminant Prism          Conj/Alch      10%        3d8       24%         4
 Iskenderun's Mystic Bla  Conj/Tloc      20%        2d6       24%         4


Dungeon Overview and Level Annotations

Branches:
Dungeon (4/15)
 Temple: D:4-7

Altars:
Ashenzari
Nemelex Xobeh
Wu Jian

Annotations:
D:2 1 runed translucent door, Crazy Yiuf
D:4 2 transporters, Logoto's ghost, amateur HOFi


Innate Abilities, Weirdness & Mutations

You cannot wear most types of armour.
You are amphibious.
You can wear up to eight rings at the same time.
Your skin changes colour to match your surroundings (Stealth+).
Your rubbery body absorbs attacks. (AC +1, EV +1)
((You are camouflaged when in or above water. (Stealth+)))
You have tentacles for arms and can constrict up to eight enemies at once.


Message History

The magic dart hits the hobgoblin.
You kill the hobgoblin!
You start resting.
Magic restored.
A gnoll sergeant comes into view. It is wielding a +0 trident.
The gnoll sergeant shouts!
Casting: Magic Dart (safe; 1% risk of failure)
Confirm with . or Enter, or press ? or * to list all spells.
You can't see any susceptible monsters within range! (Use Z to cast anyway.)
Casting: Magic Dart (safe; 1% risk of failure)
Confirm with . or Enter, or press ? or * to list all spells.
Aiming: Searing Ray (safe; 1% risk of failure)
Press: ? - help, Shift-Dir - straight line (Press . to maintain the ray.)
The searing ray hits the gnoll sergeant.
The gnoll sergeant is moderately wounded.
The searing ray misses the gnoll sergeant.
The searing ray hits the gnoll sergeant.
The gnoll sergeant is moderately wounded.
You finish channelling your searing ray.
The gnoll sergeant hits you from afar with a +0 trident.
Casting: Searing Ray (safe; 1% risk of failure)
Confirm with . or Enter, or press ? or * to list all spells.
Aiming: Searing Ray (safe; 1% risk of failure)
Press: ? - help, Shift-Dir - straight line The searing ray hits the gnoll sergeant.
The gnoll sergeant is heavily wounded. (Press . to maintain the ray.)
The gnoll sergeant hits you from afar with a +0 trident!
The searing ray hits the gnoll sergeant.
The gnoll sergeant is severely wounded.
The gnoll sergeant hits you from afar with a +0 trident!
The searing ray misses the gnoll sergeant.
The gnoll sergeant hits you from afar with a +0 trident!
* * * LOW HITPOINT WARNING * * *
The searing ray hits the gnoll sergeant.
The gnoll sergeant is almost dead.
You finish channelling your searing ray.
The gnoll sergeant hits you from afar with a +0 trident!
You die...

....#### ##.......#####...##
##.. ..### #........##
#...## #.. ..#
##.........###....# #.# ...#
##......#....#..##.# ###
....#####........#.....#####
.....#...............#.#
.......######.#####..###
.####..############.## .
#.........g.@...#
#......####....##
#.......####..##
....##.##....#.## ##.# ##
###g.?.# #.####..##
#.<###..# #........#
#.##.....#


You could see a gnoll sergeant.

Vanquished Creatures
  A water moccasin (D:4)
  An ogre (D:4)
  A scorpion (D:4)
  2 orc priests (D:3)
  A sleepcap (D:4)
  2 iguanas (D:4)
  3 adders
  3 gnolls (D:2)
  2 dart slugs (D:4)
  5 ribbon worms
  9 orcs
  5 ball pythons
  9 endoplasms
  2 giant cockroaches
  4 goblins
  10 hobgoblins
  2 jackals (D:4)
  A quokka (D:3)
  6 bats
  2 frilled lizards
  7 kobolds
  6 rats
84 creatures vanquished.

Notes
Turn   | Place    | Note
-------+----------+-------------------------------------------
     0 | D:1      | firemarshallily the Octopode Conjurer began the quest for
                  | the Orb.
     0 | D:1      | Reached XP level 1. HP: 11/11 MP: 3/3
   174 | D:1      | Reached XP level 2. HP: 7/18 MP: 1/5
  1085 | D:2      | Reached skill level 1 in Fighting
  1085 | D:2      | Reached XP level 3. HP: 23/23 MP: 0/7
  1650 | D:2      | Found a runed translucent door.
  1651 | D:2      | Noticed Crazy Yiuf
  1740 | D:2      | Reached XP level 4. HP: 28/28 MP: 2/8
  1743 | D:2      | Learned a level 2 spell: Searing Ray
  2743 | D:3      | Reached XP level 5. HP: 34/34 MP: 10/10
  2968 | D:3      | Found a faded altar of an unknown god.
  3009 | D:3      | Found a broken altar of Ashenzari.
  3184 | D:3      | Found a sparkling altar of Nemelex Xobeh.
  3632 | D:4      | Reached XP level 6. HP: 41/41 MP: 12/12
  3716 | D:4      | Found a transporter.
  3719 | D:4      | Found a transporter.
  3725 | D:4      | Noticed Logoto's ghost (amateur HOFi)
  3835 | D:4      | Reached skill level 5 in Conjurations
  4109 | D:4      | Noticed a water moccasin
  4122 | D:4      | Killed a water moccasin
  4123 | D:4      | Reached skill level 5 in Spellcasting
  4123 | D:4      | Reached XP level 7. HP: 38/46 MP: 6/14
  4532 | D:4      | Found an ornate altar of the Wu Jian Council.
  4854 | D:4      | Slain by a gnoll sergeant

Illustrated notes

Levels and vault maps discovered:
D:1:      saegor_arrival_simple_a, layout_loops_ring
D:2:      layout_rooms, nicolae_elevator_lobby_asterisk, uniq_crazy_yiuf_cottage
D:3:      layout_basic, lemuel_coloured_pillars_altar,
          mainiacjoe_overflow_brackets, ebering_ecumenical_altar_box,
          minmay_between
D:4:      layout_layer_cave, general_overflow_altar, gammafunk_ghost_smash,
          serial_bayou_lagoon_a, minmay_manual_monolith

Skill      XL: |  1  2  3  4  5  6 |
---------------+-------------------+-----
Fighting       | 1 2 3 |  3.4
Spellcasting   | 3 4 5 |  5.1
Conjurations   | 5 |  5.4
Dodging        | |  2.0
Stealth        | |  2.6

Action                     |  1- 3 |  4- 6 |  7- 9 || total
---------------------------+-------+-------+-------++-------
  Melee: Unarmed           |     4 |       |       ||     4
         Tentacles         |     3 |    13 |     1 ||    17
         Short sword       |    12 |     5 |       ||    17
         Constrict         |     3 |    13 |     1 ||    17
         Punch             |     1 |     1 |       ||     2
         Flail             |       |    36 |     3 ||    39
   Cast: Magic Dart        |    64 |    85 |    10 ||   159
         Searing Ray       |       |     7 |     3 ||    10
    Use: Scroll            |       |       |     5 ||     5
   Stab: Sleeping          |       |     3 |       ||     3
 Armour: Skin              |    16 |    20 |     8 ||    44
  Dodge: Dodged            |    10 |    41 |     3 ||    54
